| TOP OF THE 1ST |
|
Lehigh Valley IronPigs batting - Pitching for Las Vegas 51s : RHP Austin Kuhn
|
|
Pitching: RHP Austin Kuhn
|
|
|
Batting: RHB Mitch Boyd
|
0-0: Fly out, F8 (Flyball, 8LXD, EV 100.6 MPH)
|
|
Batting: RHB Alberto Ramirez
|
0-0: Swinging Strike 0-1: Ground out 4-3 (Groundball, 4, EV 98.8 MPH)
|
|
Batting: LHB Danny Hill
|
0-0: Ball 1-0: Called Strike 1-1: Fly out, F8 (Flyball, 8LS, EV 94.4 MPH)
|
| Top of the 1st over - 0 runs, 0 hits, 0 errors, 0 left on base; Lehigh Valley 0 - Las Vegas 0 |
| BOTTOM OF THE 1ST |
|
Las Vegas 51s batting - Pitching for Lehigh Valley IronPigs : LHP Phuck II
|
|
Pitching: LHP Phuck II
|
|
|
Batting: RHB Bobby Coulombe
|
0-0: Called Strike 0-1: Swinging Strike 0-2: Ball 1-2: Ground out 5-3 (Groundball, 56, EV 86.2 MPH)
|
|
Batting: SHB Jason Evans
|
0-0: Swinging Strike 0-1: Ball 1-1: Ball 2-1: Foul Ball, location: 2F 2-2: Ball 3-2: Foul Ball, location: 2F 3-2: Base on Balls
|
|
Batting: RHB Josh Jones
|
0-0: Called Strike 0-1: Ball 1-1: Ball 2-1: SINGLE (Flyball, 3D, EV 88.8 MPH) Jason Evans to second
|
|
Batting: RHB Billy Walker
|
0-0: Called Strike 0-1: Swinging Strike 0-2: Ball 1-2: Strikes out swinging
|
|
Batting: RHB Masaya Nakamura
|
0-0: Called Strike 0-1: Ball 1-1: Foul Ball, location: 2F 1-2: Foul Ball, location: 2F 1-2: Foul Ball, location: 2F 1-2: Strikes out swinging
|
| Bottom of the 1st over - 0 runs, 1 hit, 0 errors, 2 left on base; Lehigh Valley 0 - Las Vegas 0 |
| TOP OF THE 2ND |
|
Lehigh Valley IronPigs batting - Pitching for Las Vegas 51s : RHP Austin Kuhn
|
|
Batting: RHB Raul de la Cruz
|
0-0: Ball 1-0: Called Strike 1-1: Foul Ball, location: 2F 1-2: Ball 2-2: Strikes out swinging
|
|
Batting: RHB Chris Pounds
|
0-0: Ball 1-0: Called Strike 1-1: Ball 2-1: Ball 3-1: Base on Balls
|
|
Batting: RHB Matt Sanders
|
0-0: Foul Ball, location: 2F 0-1: SINGLE (Popup, 4M, EV 49.4 MPH) Chris Pounds to second
|
|
Batting: RHB Moritake Fukumoto
|
0-0: Called Strike 0-1: Ball 1-1: Ball 2-1: Swinging Strike 2-2: Foul Ball, location: 2F 2-2: Ball 3-2: Strikes out swinging
|
|
Batting: RHB Luis Arce
|
0-0: Called Strike 0-1: Ball 1-1: Fielders Choice at 2nd, 6-4 (Groundball, 6, EV 88.8 MPH)
|
| Top of the 2nd over - 0 runs, 1 hit, 0 errors, 2 left on base; Lehigh Valley 0 - Las Vegas 0 |
| BOTTOM OF THE 2ND |
|
Las Vegas 51s batting - Pitching for Lehigh Valley IronPigs : LHP Phuck II
|
|
Batting: RHB Larry Shoop
|
0-0: Called Strike 0-1: Ball 1-1: Ball 2-1: Foul Ball, location: 2F 2-2: Ball 3-2: Fly out, F8 (Flyball, 8LXD, EV 93.1 MPH)
|
|
Batting: RHB David Stayton
|
0-0: Called Strike 0-1: Foul Ball, location: 2F 0-2: Strikes out swinging
|
|
Batting: RHB Gang-sheng Chew
|
0-0: Ball 1-0: Foul Ball, location: 2F 1-1: Ball 2-1: Ball 3-1: Foul Ball, location: 2F 3-2: Ground out 5-3 (Groundball, 56, EV 91.2 MPH)
|
| Bottom of the 2nd over - 0 runs, 0 hits, 0 errors, 0 left on base; Lehigh Valley 0 - Las Vegas 0 |
| TOP OF THE 3RD |
|
Lehigh Valley IronPigs batting - Pitching for Las Vegas 51s : RHP Austin Kuhn
|
|
Batting: SHB Benjamin Brown
|
0-0: Foul Ball, location: 2F 0-1: Swinging Strike 0-2: SINGLE (Groundball, 4D, EV 94.4 MPH)
|
|
Batting: RHB Mitch Boyd
|
0-0: Ball 1-0: Ball 2-0: Called Strike 2-1: Ball 3-1: Base on Balls Benjamin Brown to second
|
|
Batting: RHB Alberto Ramirez
|
0-0: Ball 1-0: Fly out, F7 (Flyball, 78S, EV 90.6 MPH)
|
|
Batting: LHB Danny Hill
|
0-0: Fielders Choice at 2nd, 2-4 (Groundball, 2L, EV 64.4 MPH) Benjamin Brown to third
|
|
Batting: RHB Raul de la Cruz
|
0-0: Ball 1-0: Foul Ball, location: 2F 1-1: Swinging Strike 1-2: Strikes out swinging
|
| Top of the 3rd over - 0 runs, 1 hit, 0 errors, 2 left on base; Lehigh Valley 0 - Las Vegas 0 |
| BOTTOM OF THE 3RD |
|
Las Vegas 51s batting - Pitching for Lehigh Valley IronPigs : LHP Phuck II
|
|
Batting: LHB Elmo Dreier
|
0-0: Ball 1-0: Ball 2-0: Swinging Strike 2-1: Fly out, F8 (Line Drive, 8LM, EV 90.6 MPH)
|
|
Batting: RHB Bobby Coulombe
|
0-0: Ball 1-0: Called Strike 1-1: Fly out, F8 (Line Drive, 8LD, EV 95.0 MPH)
|
|
Batting: SHB Jason Evans
|
0-0: Ball 1-0: Swinging Strike 1-1: SINGLE (Groundball, 56D, EV 110.6 MPH)
|
|
Batting: RHB Josh Jones
|
0-0: Foul Ball, location: 2F 0-1: Ground out 5-3 (Groundball, 56S, EV 85.6 MPH)
|
| Bottom of the 3rd over - 0 runs, 1 hit, 0 errors, 1 left on base; Lehigh Valley 0 - Las Vegas 0 |
| TOP OF THE 4TH |
|
Lehigh Valley IronPigs batting - Pitching for Las Vegas 51s : RHP Austin Kuhn
|
|
Batting: RHB Chris Pounds
|
0-0: Ball 1-0: Ground out 6-3 (Groundball, 6, EV 85.0 MPH)
|
|
Batting: RHB Matt Sanders
|
0-0: Ball 1-0: Ball 2-0: Foul Ball, location: 2F 2-1: DOUBLE (Groundball, 5L, EV 108.1 MPH)
|
|
Batting: RHB Moritake Fukumoto
|
0-0: Swinging Strike 0-1: Fly out, F8 (Flyball, 8LD, EV 88.8 MPH) Runner from 2nd tags up, SAFE at 3rd with throw by CF
|
|
Batting: RHB Luis Arce
|
0-0: Ball Wild Pitch! Matt Sanders scores 1-0: Foul Ball, location: 2F 1-1: Ball 2-1: Ground out 6-3 (Groundball, 6, EV 83.1 MPH)
|
| Top of the 4th over - 1 run, 1 hit, 0 errors, 0 left on base; Lehigh Valley 1 - Las Vegas 0 |
| BOTTOM OF THE 4TH |
|
Las Vegas 51s batting - Pitching for Lehigh Valley IronPigs : LHP Phuck II
|
|
Batting: RHB Billy Walker
|
0-0: Called Strike 0-1: DOUBLE (Line Drive, 3D, EV 100.6 MPH)
|
|
Batting: RHB Masaya Nakamura
|
0-0: Ball 1-0: Swinging Strike 1-1: Ball 2-1: Foul Ball, location: 2F 2-2: Foul Ball, location: 2F 2-2: Strikes out looking
|
|
Batting: RHB Larry Shoop
|
0-0: Called Strike 0-1: Swinging Strike 0-2: Ball 1-2: Strikes out swinging
|
|
Batting: RHB David Stayton
|
0-0: Fly out, F7 (Flyball, 78D, EV 96.9 MPH)
|
| Bottom of the 4th over - 0 runs, 1 hit, 0 errors, 1 left on base; Lehigh Valley 1 - Las Vegas 0 |
| TOP OF THE 5TH |
|
Lehigh Valley IronPigs batting - Pitching for Las Vegas 51s : RHP Austin Kuhn
|
|
Batting: SHB Benjamin Brown
|
0-0: Ball 1-0: Foul Ball, location: 2F 1-1: Called Strike 1-2: Strikes out swinging
|
|
Batting: RHB Mitch Boyd
|
0-0: Ball 1-0: Fly out, F8 (Flyball, 8RXD, EV 104.4 MPH)
|
|
Batting: RHB Alberto Ramirez
|
0-0: Ball 1-0: Swinging Strike 1-1: Swinging Strike 1-2: Ball 2-2: Ground out 1-3 (Groundball, 25, EV 68.1 MPH)
|
| Top of the 5th over - 0 runs, 0 hits, 0 errors, 0 left on base; Lehigh Valley 1 - Las Vegas 0 |
| BOTTOM OF THE 5TH |
|
Las Vegas 51s batting - Pitching for Lehigh Valley IronPigs : LHP Phuck II
|
|
Batting: RHB Gang-sheng Chew
|
0-0: Foul Ball, location: 2F 0-1: Called Strike 0-2: Ball 1-2: Strikes out swinging
|
|
Batting: LHB Elmo Dreier
|
0-0: Ball 1-0: Ball 2-0: Called Strike 2-1: Foul Ball, location: 2F 2-2: Strikes out swinging
|
|
Batting: RHB Bobby Coulombe
|
0-0: Ball 1-0: Called Strike 1-1: Foul Ball, location: 2F 1-2: Strikes out looking
|
| Bottom of the 5th over - 0 runs, 0 hits, 0 errors, 0 left on base; Lehigh Valley 1 - Las Vegas 0 |
| TOP OF THE 6TH |
|
Lehigh Valley IronPigs batting - Pitching for Las Vegas 51s : RHP Austin Kuhn
|
|
Batting: LHB Danny Hill
|
0-0: Fly out, F7 (Line Drive, 78M, EV 93.8 MPH)
|
|
Batting: RHB Raul de la Cruz
|
0-0: Ball 1-0: Ball 2-0: Ball 3-0: Foul Ball, location: 2F 3-1: Ground out 6-3 (Groundball, 6, EV 81.9 MPH)
|
|
Batting: RHB Chris Pounds
|
0-0: Ball 1-0: Ball 2-0: Ball 3-0: Base on Balls
|
|
Pitching: RHP Matt Bennett
|
|
|
Batting: RHB Matt Sanders
|
0-0: Ball 1-0: DOUBLE (Flyball, 8RXD, EV 109.4 MPH) Chris Pounds to third Runner from 3rd tries for Home, SAFE, throw by CF to home
|
|
Batting: RHB Moritake Fukumoto
|
0-0: Called Strike 0-1: Called Strike 0-2: Strikes out swinging
|
| Top of the 6th over - 1 run, 1 hit, 0 errors, 1 left on base; Lehigh Valley 2 - Las Vegas 0 |
| BOTTOM OF THE 6TH |
|
Las Vegas 51s batting - Pitching for Lehigh Valley IronPigs : LHP Phuck II
|
|
Batting: SHB Jason Evans
|
0-0: Ball 1-0: Ball 2-0: Called Strike 2-1: Ball 3-1: Called Strike 3-2: Foul Ball, location: 2F 3-2: Base on Balls
|
|
Batting: RHB Josh Jones
|
0-0: Called Strike 0-1: Ball 1-1: Ball 2-1: Fly out, F2 (Popup, 23F, EV 91.9 MPH)
|
|
Batting: RHB Billy Walker
|
0-0: Fielders Choice at 2nd, 2-6 (Groundball, 2R, EV 68.8 MPH)
|
|
Batting: RHB Masaya Nakamura
|
0-0: Called Strike 0-1: Fielders Choice at 2nd, 6-4 (Groundball, 6, EV 83.1 MPH)
|
| Bottom of the 6th over - 0 runs, 0 hits, 0 errors, 1 left on base; Lehigh Valley 2 - Las Vegas 0 |
| TOP OF THE 7TH |
|
Lehigh Valley IronPigs batting - Pitching for Las Vegas 51s : RHP Matt Bennett
|
|
Batting: RHB Luis Arce
|
0-0: Ball 1-0: Fly out, F8 (Flyball, 8LD, EV 105.6 MPH)
|
|
Batting: SHB Benjamin Brown
|
0-0: Ball 1-0: Fly out, F9 (Line Drive, 89M, EV 91.2 MPH)
|
|
Batting: RHB Mitch Boyd
|
0-0: Called Strike 0-1: Ball 1-1: Ball 2-1: Ball 3-1: Base on Balls
|
|
Batting: RHB Alberto Ramirez
|
0-0: Ball Mitch Boyd steals 2nd base (no throw) 1-0: Called Strike 1-1: Fly out, F6 (Line Drive, 6, EV 66.9 MPH)
|
| Top of the 7th over - 0 runs, 0 hits, 0 errors, 1 left on base; Lehigh Valley 2 - Las Vegas 0 |
| BOTTOM OF THE 7TH |
|
Las Vegas 51s batting - Pitching for Lehigh Valley IronPigs : LHP Phuck II
|
|
Batting: RHB Larry Shoop
|
0-0: SINGLE (Groundball, 34D, EV 102.5 MPH)
|
|
Batting: RHB David Stayton
|
0-0: Ball Pickoff Throw to First - Out! 1-3 1-0: Called Strike 1-1: Foul Ball, location: 2F 1-2: Foul Ball, location: 2F 1-2: Strikes out swinging
|
|
Batting: RHB Gang-sheng Chew
|
0-0: Called Strike 0-1: Foul Ball, location: 2F 0-2: Foul Ball, location: 2F 0-2: Strikes out looking
|
| Bottom of the 7th over - 0 runs, 1 hit, 0 errors, 0 left on base; Lehigh Valley 2 - Las Vegas 0 |
| TOP OF THE 8TH |
|
Lehigh Valley IronPigs batting - Pitching for Las Vegas 51s : RHP Matt Bennett
|
|
Pitching: RHP Brian Wood
|
|
|
Batting: LHB Danny Hill
|
0-0: Ball 1-0: Called Strike 1-1: Foul Ball, location: 2F 1-2: Strikes out swinging
|
|
Batting: RHB Raul de la Cruz
|
0-0: Ball 1-0: SINGLE (Groundball, 56D, EV 98.8 MPH)
|
|
Batting: RHB Chris Pounds
|
0-0: Called Strike 0-1: Ball 1-1: Foul Ball, location: 2F 1-2: Ball 2-2: Fly out, F9 (Flyball, 9, EV 95.0 MPH)
|
|
Batting: RHB Matt Sanders
|
0-0: Ball 1-0: Ball 2-0: Called Strike 2-1: Swinging Strike 2-2: Ground out 6-3 (Groundball, 6S, EV 85.0 MPH)
|
| Top of the 8th over - 0 runs, 1 hit, 0 errors, 1 left on base; Lehigh Valley 2 - Las Vegas 0 |
| BOTTOM OF THE 8TH |
|
Las Vegas 51s batting - Pitching for Lehigh Valley IronPigs : LHP Phuck II
|
|
Pitching: RHP Andy Burchfield
|
|
|
Batting: LHB Elmo Dreier
|
0-0: Ball 1-0: DOUBLE (Line Drive, 5D, EV 96.9 MPH)
|
|
Batting: RHB Bobby Coulombe
|
0-0: Swinging Strike 0-1: Ball 1-1: Ball 2-1: Swinging Strike 2-2: Ball 3-2: Strikes out swinging
|
|
Batting: SHB Jason Evans
|
0-0: Ball 1-0: Ball 2-0: SINGLE (Groundball, 4D, EV 104.4 MPH) Elmo Dreier to third Runner from 3rd tries for Home, SAFE, throw by CF to home
|
|
Batting: RHB Josh Jones
|
0-0: Called Strike 0-1: Swinging Strike 0-2: Ball 1-2: Fly out, F9 (Flyball, 9D, EV 96.2 MPH)
|
|
Batting: RHB Billy Walker
|
0-0: Called Strike 0-1: Ball 1-1: Foul Ball, location: 2F 1-2: Ball 2-2: Ball 3-2: Base on Balls Jason Evans to second
|
|
Batting: RHB Masaya Nakamura
|
0-0: Called Strike 0-1: Ball 1-1: Fielders Choice at 2nd, 6-4 (Groundball, 6, EV 84.4 MPH)
|
| Bottom of the 8th over - 1 run, 2 hits, 0 errors, 2 left on base; Lehigh Valley 2 - Las Vegas 1 |
| TOP OF THE 9TH |
|
Lehigh Valley IronPigs batting - Pitching for Las Vegas 51s : RHP Brian Wood
|
|
Pitching: RHP Bryan Dorne
|
|
|
Pinch Hitting: LHB Jose Carlos
|
0-0: Called Strike 0-1: Ball 1-1: Swinging Strike 1-2: Foul Ball, location: 2F 1-2: Ground out 5-3 (Groundball, 56, EV 105.6 MPH)
|
|
Batting: RHB Luis Arce
|
0-0: Called Strike 0-1: Foul Ball, location: 2F 0-2: Ball 1-2: Strikes out looking
|
|
Batting: SHB Benjamin Brown
|
0-0: Called Strike 0-1: Ball 1-1: Ball 2-1: Swinging Strike 2-2: Strikes out swinging, 2-3 out at first.
|
| Top of the 9th over - 0 runs, 0 hits, 0 errors, 0 left on base; Lehigh Valley 2 - Las Vegas 1 |
| BOTTOM OF THE 9TH |
|
Las Vegas 51s batting - Pitching for Lehigh Valley IronPigs : RHP Andy Burchfield
|
|
Pitching: RHP Jeremy Mitchem
|
|
|
Now at 3B: Bill Moldenhauer
|
|
|
Batting: RHB Larry Shoop
|
0-0: Ground out 4-3 (Groundball, 34S, EV 85.6 MPH)
|
|
Pinch Hitting: LHB Adam Hairston
|
0-0: Foul Ball, location: 2F 0-1: Ball 1-1: SINGLE (Line Drive, 5D, EV 96.9 MPH)
|
|
Pinch Hitting: LHB Jose Chavez
|
0-0: Ball 1-0: Hit by Pitch Adam Hairston to second
|
|
Batting: LHB Elmo Dreier
|
0-0: Ball 1-0: Ball 2-0: Grounds into double play, 4-6-3 (Groundball, 4, EV 105.0 MPH)
|
| Bottom of the 9th over - 0 runs, 1 hit, 0 errors, 1 left on base; Lehigh Valley 2 - Las Vegas 1 |
|